 Dungeon Crawl Stone Soup version 0.23.2-30-g0e89c35649 (webtiles) character file.

Game seed: 16707257540088976865

25632 teukkam the Fighter (level 12, 0/116 HPs)
             Began as a Minotaur Fighter on June 14, 2019.
             Was an Elder of Vehumet.
             Slain by a yak (8 damage)
             ... on level 3 of the Lair of Beasts.
             The game lasted 00:55:14 (12598 turns).

teukkam the Fighter (Minotaur Fighter)             Turns: 12598, Time: 00:55:15

Health: 0/116      AC:  5    Str: 22      XL:     12   Next: 91%
Magic:  14/17      EV: 11    Int: 10 (11) God:    Vehumet [****..]
Gold:   801        SH:  0    Dex: 19 (21) Spells: 13/19 levels left

rFire    + + .     SeeInvis .   Q - +1 war axe "Undertaker" {speed, rF+ Str-5 Dex+6}
rCold    . . .     Gourm    .   (no shield)
rNeg     . . .     Faith    .   A - +0 leather armour "Wujustraa" {-Tele rF+ Str-4 Int+6}
rPois    .         Spirit   .   (helmet restricted)
rElec    +         Reflect  .   e - scarf {repulsion}
rCorr    .         Harm     .   (no gloves)
MR       .....     NoTele   +   n - +0 pair of boots
Stlth    +.........             (no amulet)
HPRegen  0.29/turn              g - +4 ring of slaying
MPRegen  0.15/turn              q - +5 ring of dexterity

@: mighty, very slightly contaminated, repel missiles
A: retaliatory headbutt, horns 2, mutation resistance 1, screaming 1,
electricity resistance
a: Renounce Religion


You were on level 3 of the Lair of Beasts.
You worshipped Vehumet.
Vehumet was greatly pleased with you.
You were not hungry.

You visited 3 branches of the dungeon, and saw 15 of its levels.
You also visited: Sewer and Volcano.

You collected 836 gold pieces.
You spent 35 gold pieces at shops.

Inventory:

Hand Weapons
 a - the +3 dagger "Doesy" {freeze, +Rage Dex+2}
   (You found it on level 10 of the Dungeon)

   It has been specially enchanted to freeze those struck by it, causing extra
   injury to most foes and up to half again as much damage against particularly
   susceptible opponents.
   It can also slow down cold-blooded creatures.
   It affects your dexterity (+2).
   It lets you go berserk.
 c - the +7 long sword of the Demagogue {antimagic, Int+3}
   (You found it on level 7 of the Dungeon)

   It reduces the magical energy of the wielder, and disrupts the spells and
   magical abilities of those hit.
   Natural abilities and divine invocations are not affected.
   It affects your intelligence (+3).
 L - a +4 quarterstaff of chaos
 Q - the +1 war axe "Undertaker" (weapon) {speed, rF+ Str-5 Dex+6}
   (You found it on level 6 of the Dungeon)

   Attacks with this weapon are significantly faster.
   It affects your strength (-5).
   It affects your dexterity (+6).
   It protects you from fire.
 R - a +0 blowgun
 S - a +2 scimitar of flaming
Missiles
 h - 253 stones
 l - 70 sling bullets
 o - 7 silver javelins (quivered)
 r - 6 tomahawks
 v - 169 bolts
 z - a throwing net
 B - 21 poisoned needles
 K - 9 javelins
Armour
 b - a +0 scale mail
 e - a scarf of repulsion (worn)
 n - a +0 pair of boots (worn)
 p - the +1 scale mail of Undesirable Species {rF+ Str-2 Dex+2}
   (You found it in a sewer)

   It affects your strength (-2).
   It affects your dexterity (+2).
   It protects you from fire.
 u - a +1 shield
 x - the +3 robe of the World {Regen+ Str+5}
   (You found it on level 4 of the Dungeon)

   It affects your strength (+5).
   It increases your rate of regeneration.
 A - the +0 leather armour "Wujustraa" (worn) {-Tele rF+ Str-4 Int+6}
   (You found it in a volcano)

   It affects your strength (-4).
   It affects your intelligence (+6).
   It protects you from fire.
   It prevents most forms of teleportation.
 F - a +1 chain mail of positive energy
Jewellery
 d - an uncursed ring of flight
 g - a +4 ring of slaying (left hand)
 i - an uncursed ring of stealth
 q - a +5 ring of dexterity (right hand)
 w - a +4 ring of evasion
Wands
 s - a wand of paralysis (4)
 I - a wand of disintegration (10)
 U - a wand of flame (14)
Scrolls
 j - 2 scrolls of enchant armour
 k - a scroll of fog
 y - 4 scrolls of teleportation
 C - 2 scrolls of remove curse
 D - 3 scrolls of enchant weapon
 H - 2 scrolls of amnesia
 J - 2 scrolls of vulnerability
 M - a scroll of immolation {unknown}
 N - 3 scrolls of blinking
 O - 4 scrolls of identify
 T - a scroll of magic mapping
 W - 3 scrolls of random uselessness {unknown}
Potions
 E - a potion of resistance
 G - 2 potions of agility
 V - a potion of brilliance
 X - a potion of flight
 Y - a potion of mutation
Comestibles
 f - 12 rations
 m - 3 chunks of flesh


   Skills:
 + Level 13.6 Fighting
 + Level 7.6(9.0) Short Blades
 - Level 7.9(9.5) Long Blades
 - Level 8.1 Axes
 - Level 2.5 Staves
 - Level 4.0 Throwing
 - Level 6.5 Armour
 - Level 4.0 Shields
 + Level 4.2 Spellcasting
 + Level 4.7 Conjurations
 + Level 6.3 Evocations


You had 13 spell levels left.
You knew the following spells:

 Your Spells              Type           Power        Failure   Level  Hunger
a - Sting                 Conj/Pois      #...         3%          1    #......
b - Searing Ray           Conj           ##....       1%          2    ##.....
c - Dazzling Spray        Conj/Hex       #.....       9%          3    ###....

Your spell library contained the following spells:

 Spells                   Type           Power        Failure   Level  Hunger
 Bolt of Fire             Conj/Fire      #.........   97%         6    #######
 Throw Frost              Conj/Ice       #.....       4%          2    ##.....
 Freeze                   Ice            #...         8%          1    #......
 Throw Icicle             Conj/Ice       #.......     26%         4    #####..
 Animate Skeleton         Necr           N/A          28%         1    #......
 Apportation              Tloc           #.....       28%         1    #......
 Confusing Touch          Hex            #.....       28%         1    #......
 Summon Small Mammal      Summ           #...         28%         1    #......
 Ozocubu's Armour         Chrm/Ice       #.......     63%         3    ###....
 Summon Ice Beast         Ice/Summ       #.......     95%         4    #####..


Dungeon Overview and Level Annotations

Branches:
Dungeon (11/15)            Temple (1/1) D:5            Lair (3/6) D:8
    Orc (0/2) D:10
  Swamp: Lair:2-4    Shoals: Lair:2-4     Snake: Lair:2-4    Spider: Lair:2-4

Altars:
Ashenzari
Cheibriados
Dithmenos
Elyvilon
Hepliaklqana
Kikubaaqudgha
Makhleb
Nemelex Xobeh
Okawaru
Sif Muna
Uskayaw
Vehumet
Wu Jian
Xom
The Shining One

Shops:
D:10 ?

Annotations:
D:7 2 transporters
D:9 Prince Ribbit
Lair:2 Sonja


Innate Abilities, Weirdness & Mutations

You reflexively headbutt those who attack you in melee.
You have a pair of horns on your head.
You are somewhat resistant to further mutation.
You occasionally shout uncontrollably at your foes.
You are resistant to electric shocks. (rElec)


Message History

There are monsters nearby!
The yak gores you!
* * * LOW HITPOINT WARNING * * *
The yak gores you!
* * * LOW HITPOINT WARNING * * *
The yak misses you. You furiously retaliate!
You headbutt the yak! The yak gores you.
* * * LOW HITPOINT WARNING * * *
A black bear comes into view.
The black bear growls angrily.
The black bear moves out of view.
You feel very mighty all of a sudden.
You closely miss the yak.
The yak is heavily wounded.
You slash the yak! The yak gores you!
* * * LOW HITPOINT WARNING * * *
You closely miss the yak. You headbutt the yak!!
The yak is almost dead.
You slash the yak! The yak gores you!
You die...

.. . ####.# ... .## #.#..##
... ....#.# ###.....##.... ..
..#.####.......#..... #.
....#................ #.
#h................. ##.
#.....YY.Y........... #
#..####...YY##.#...........
##.###.#...†..@##.l......P#..#
..........#.....##..#....##.#
..........###...#.#.....##..##
...#....Y##
##..###....#.....## ####..#
##..<............. #..#
#..##............# ##..##
#.######.###....## #....####.#
#.# #....# .....#Y..#..## ..#
.....


You could see 4 yaks and a black bear.

Vanquished Creatures
  A red draconian (Volcano)
  A hydra (Lair:1)
  A two-headed ogre (D:8)
  A salamander mystic (Volcano)
  4 salamanders (Volcano)
  2 molten gargoyles (Volcano)
  2 black mambas (Lair:1)
  3 spiny frogs
  A troll (D:10)
  2 hippogriffs
  2 fire bats (Volcano)
  2 yaks (Lair:3)
  A wyvern (D:9)
  3 steam dragons
  Menkaure (D:7)
  4 water moccasins
  2 porcupines (Lair:1)
  3 orc warriors (D:8)
  3 ice beasts
  2 sky beasts (D:5)
  2 phantoms
  A black bear (D:8)
  8 wolves
  4 ogres
  A necrophage (D:10)
  6 crocodiles
  5 centaurs
  5 lava snakes (Volcano)
  16 bullfrogs
  2 big kobolds (D:10)
  A wyvern skeleton (D:8)
  7 scorpions
  11 killer bees
  4 howler monkeys
  4 wights (D:8)
  5 crimson imps
  A bullfrog zombie (D:8)
  3 orc priests
  2 hounds
  2 jellies (D:3)
  Crazy Yiuf (D:3)
  A centaur skeleton (D:4)
  Jessica (D:2)
  4 worker ants
  Terence (D:2)
  3 orc wizards
  A hound skeleton (D:6)
  Robin (D:2)
  2 worker ant zombies
  11 gnolls
  A howler monkey skeleton (D:4)
  12 adders
  A river rat (D:4)
  2 shadow imps (D:8)
  An ooze (D:3)
  An adder zombie (D:6)
  An adder skeleton (D:7)
  2 worms
  4 dart slugs
  7 leopard geckos
  24 orcs
  10 giant cockroaches
  18 goblins
  8 hobgoblins
  2 iguanas
  17 jackals
  7 quokkas
  3 ball pythons
  12 bats
  11 frilled lizards
  A giant cockroach zombie (D:5)
  A jackal zombie (D:5)
  16 kobolds
  10 rats
  A fungus (D:8)
330 creatures vanquished.

Vanquished Creatures (collateral kills)
  A sky beast (D:8)
  A lava snake (Volcano)
2 creatures vanquished.

Vanquished Creatures (others)
  2 centaurs (D:11)
  2 orcs (D:11)
  2 fungi (Lair:3)
  A plant (Lair:3)
7 creatures vanquished.

Grand Total: 339 creatures vanquished

Notes
Turn   | Place    | Note
-------+----------+-------------------------------------------
     0 | D:1      | teukkam the Minotaur Fighter began the quest for the Orb.
     0 | D:1      | Reached XP level 1. HP: 19/19 MP: 0/0
     8 | D:1      | Noticed a black mamba
     8 | D:1      | Noticed a five-headed hydra
     8 | D:1      | Noticed a swamp worm
    85 | D:1      | Reached XP level 2. HP: 22/27 MP: 1/1
   406 | D:1      | Reached skill level 4 in Fighting
   463 | D:2      | Reached XP level 3. HP: 33/33 MP: 2/2
   713 | D:3      | Reached XP level 4. HP: 40/40 MP: 3/3
   715 | D:3      | Noticed a centaur
   716 | D:3      | Reached skill level 1 in Throwing
   746 | D:3      | Killed a centaur
   746 | D:3      | Reached XP level 5. HP: 22/47 MP: 4/4
  1009 | D:4      | Reached skill level 5 in Fighting
  1009 | D:4      | Reached skill level 5 in Armour
  1023 | D:4      | Reached XP level 6. HP: 17/56 MP: 5/5
  1248 | D:4      | Reached skill level 5 in Axes
  1248 | D:4      | Reached XP level 7. HP: 27/62 MP: 6/6
  1694 | D:4      | Found a glowing drain.
  1704 | Sewer    | Entered a sewer
  1977 | Sewer    | Reached skill level 6 in Fighting
  1980 | Sewer    | Got a crude scale mail
  1992 | Sewer    | Identified the +1 scale mail of Undesirable Species {rF+
                  | Str-2 Dex+2} (You found it in a sewer)
  2495 | D:4      | Got a wizard robe
  2506 | D:4      | Identified the +3 robe of the World {Regen+ Str+5} (You
                  | found it on level 4 of the Dungeon)
  2607 | D:5      | Entered Level 5 of the Dungeon
  2607 | D:5      | Found a white marble altar of Elyvilon.
  2734 | D:5      | Reached skill level 1 in Long Blades
  2792 | D:5      | Found a staircase to the Ecumenical Temple.
  2800 | Temple   | Entered the Ecumenical Temple
  2942 | Temple   | Became a worshipper of Vehumet
  3505 | D:2      | Noticed Jessica
  3509 | D:2      | Killed Jessica
  3707 | D:2      | Noticed Terence
  3711 | D:2      | Killed Terence
  3886 | D:2      | Reached XP level 8. HP: 71/71 MP: 7/7
  3891 | D:2      | Noticed Robin
  3904 | D:2      | Reached * piety under Vehumet
  3904 | D:2      | Offered knowledge of Sting by Vehumet.
  3908 | D:2      | Killed Robin
  3911 | D:2      | Learned a level 1 spell: Sting
  4071 | D:3      | Found a shimmering altar of Xom.
  4117 | D:3      | Found an ornate altar of the Wu Jian Council.
  4190 | D:3      | Found a faded altar of an unknown god.
  4328 | D:3      | Found a runed translucent door.
  4329 | D:3      | Noticed Crazy Yiuf
  4335 | D:3      | Killed Crazy Yiuf
  4491 | D:5      | Reached ** piety under Vehumet
  4491 | D:5      | Offered knowledge of Searing Ray by Vehumet.
  4498 | D:5      | Learned a level 2 spell: Searing Ray
  4544 | D:5      | Reached skill level 1 in Staves
  4544 | D:5      | Reached skill level 1 in Conjurations
  4706 | D:5      | Reached skill level 7 in Fighting
  4706 | D:5      | Reached skill level 1 in Spellcasting
  5020 | D:6      | Found a shattered altar of Ashenzari.
  5100 | D:6      | Got a bloodstained war axe
  5102 | D:6      | Identified the cursed +1 war axe "Undertaker" {speed, rF+
                  | Str-5 Dex+6} (You found it on level 6 of the Dungeon)
  5326 | D:6      | Reached XP level 9. HP: 67/80 MP: 11/11
  5326 | D:6      | Offered knowledge of Dazzling Spray by Vehumet.
  5333 | D:6      | Learned a level 3 spell: Dazzling Spray
  5461 | D:6      | Found a hide-covered altar of Uskayaw.
  5595 | D:7      | Noticed Menkaure
  5671 | D:7      | Killed Menkaure
  5671 | D:7      | Reached skill level 8 in Fighting
  5702 | D:7      | Reached *** piety under Vehumet
  5778 | D:7      | Found a transporter.
  5834 | D:7      | Got an ancient long sword
  5835 | D:7      | Identified the +7 long sword of the Demagogue {antimagic,
                  | Int+3} (You found it on level 7 of the Dungeon)
  6021 | D:7      | Found a transporter.
  6028 | D:7      | Noticed a deep elf mage
  6030 | D:7      | Noticed a two-headed ogre
  6036 | D:7      | Found a glowing golden altar of the Shining One.
  6176 | D:8      | Reached skill level 9 in Fighting
  6422 | D:8      | Found a shadowy altar of Dithmenos.
  6430 | D:8      | Offered knowledge of Stone Arrow by Vehumet.
  6433 | D:8      | Noticed a two-headed ogre
  6473 | D:8      | Killed a two-headed ogre
  6473 | D:8      | Reached XP level 10. HP: 29/93 MP: 4/13
  6776 | D:8      | Reached skill level 5 in Long Blades
  6831 | D:8      | Reached skill level 10 in Fighting
  6901 | D:8      | Found a staircase to the Lair.
  7156 | D:8      | Found a burning altar of Makhleb.
  7195 | D:9      | Reached **** piety under Vehumet
  7203 | D:9      | Offered knowledge of Bolt of Magma by Vehumet.
  7473 | D:9      | Noticed Prince Ribbit
  7527 | D:10     | Entered Level 10 of the Dungeon
  7566 | D:10     | Found Ywnosuo's Magic Scroll Shoppe.
  7741 | D:10     | Bought a scroll of magic mapping for 35 gold pieces
  7776 | D:10     | Reached skill level 11 in Fighting
  8200 | D:10     | Found a staircase to the Orcish Mines.
  8279 | D:10     | Got a crystal dagger
  8280 | D:10     | Identified the +3 dagger "Doesy" {freeze, +Rage Dex+2} (You
                  | found it on level 10 of the Dungeon)
  8668 | D:11     | Reached skill level 1 in Short Blades
  8673 | D:11     | Reached skill level 1 in Evocations
  8819 | Lair:1   | Entered Level 1 of the Lair of Beasts
  8839 | Lair:1   | Noticed a black mamba
  8846 | Lair:1   | Killed a black mamba
  8931 | Lair:1   | Noticed a four-headed hydra
  8943 | Lair:1   | Killed a one-headed hydra
  8943 | Lair:1   | Reached XP level 11. HP: 5/104 MP: 14/14
  9102 | Lair:1   | Found a dark tunnel.
  9282 | Volcano  | Entered a volcano
  9298 | Volcano  | Reached skill level 12 in Fighting
  9770 | Volcano  | Found a bloodstained altar of Trog.
  9770 | Volcano  | Noticed a salamander mystic
  9783 | Volcano  | Killed a salamander mystic
  9788 | Volcano  | Reached ***** piety under Vehumet
  9795 | Volcano  | Offered knowledge of Bolt of Fire by Vehumet.
 10114 | Volcano  | Reached skill level 5 in Short Blades
 10310 | Volcano  | Gained mutation: You are resistant to electric shocks.
                  | (rElec) [potion of mutation]
 10310 | Volcano  | Gained mutation: You occasionally shout uncontrollably at
                  | your foes. [potion of mutation]
 10310 | Volcano  | Gained mutation: You are somewhat resistant to further
                  | mutation. [potion of mutation]
 10421 | Volcano  | Noticed a red draconian
 10437 | Volcano  | Killed a red draconian
 10592 | Volcano  | Got a distressingly furry leather armour
 10603 | Volcano  | Identified the +0 leather armour "Wujustraa" {-Tele rF+
                  | Str-4 Int+6} (You found it in a volcano)
 11115 | Lair:1   | Reached skill level 5 in Evocations
 11466 | Lair:1   | Reached skill level 13 in Fighting
 12135 | Lair:2   | Noticed Sonja
 12143 | Lair:2   | Reached XP level 12. HP: 97/115 MP: 14/17
 12598 | Lair:3   | Slain by a yak

Skill      XL: |  1  2  3  4  5  6  7  8  9 10 11 |
---------------+----------------------------------+-----
Shields        | 4 |  4.0
Armour         | 4 5 6 |  6.5
Fighting       | 4 5 6 7 9 11 13 | 13.6
Axes           | 3 4 5 7 8 |  8.1
Throwing       | 1 2 3 4 |  4.0
Long Blades    | 1 4 7 |  7.9
Staves         | 2 |  2.5
Conjurations   | 2 3 4 |  4.7
Spellcasting   | 2 4 |  4.2
Short Blades   | 3 7 |  7.6
Evocations     | 2 6 |  6.3

Action                   |  1- 3 |  4- 6 |  7- 9 | 10-12 || total
-------------------------+-------+-------+-------+-------++-------
Melee: War axe           |    67 |    56 |   126 |    96 ||   345
       Headbutt          |     9 |     5 |    64 |   105 ||   183
       Hand axe          |       |       |    85 |    13 ||    98
       Quarterstaff      |       |       |    22 |       ||    22
       Long sword        |       |       |    47 |    42 ||    89
       Dagger            |       |       |       |   180 ||   180
Throw: Stone             |       |     7 |       |       ||     7
       Javelin           |       |     2 |    10 |     6 ||    18
 Cast: Sting             |       |       |     2 |    17 ||    19
       Dazzling Spray    |       |       |       |     2 ||     2
 Abil: Evoke Berserk Rag |       |       |       |     2 ||     2
Evoke: Wand              |       |       |     2 |    15 ||    17
  Use: Potion            |       |     5 |     5 |    11 ||    21
       Scroll            |       |     4 |     6 |     4 ||    14
 Stab: Sleeping          |       |       |     1 |       ||     1
       Distracted        |       |       |       |     1 ||     1
  Eat: Chunk             |       |     1 |    12 |     5 ||    18
       Ration            |       |       |     2 |     5 ||     7
Armor: Scale mail        |    28 |    31 |    52 |    78 ||   189
       Skin              |       |    20 |       |       ||    20
       Robe              |       |       |    39 |       ||    39
       Leather armour    |       |       |       |    17 ||    17
Dodge: Dodged            |    26 |    27 |    96 |    75 ||   224
       Deflected         |     2 |     1 |     5 |     7 ||    15
Block: Shield            |    37 |    43 |   120 |   119 ||   319
       Rpst.: Long sword |       |       |     3 |     2 ||     5
